| TOP OF THE 1ST |
|
Birmingham Barons batting - Pitching for Midland RockHounds : LHP Katsumi Takaki
|
|
Pitching: LHP Katsumi Takaki
|
|
|
Batting: LHB Dalton Silveira
|
0-0: Ball 1-0: Ground out U3 (Groundball, 3, EV 81.9 MPH)
|
|
Batting: RHB Mike Savage
|
0-0: Ball 1-0: Called Strike 1-1: Ball 2-1: Ball 3-1: Swinging Strike 3-2: Strikes out looking
|
|
Batting: SHB Ruben Velasco Jr.
|
0-0: Ball 1-0: Foul Ball, location: 2F 1-1: Swinging Strike 1-2: Ball 2-2: Ground out 6-3 (Groundball, 6MD, EV 86.9 MPH)
|
| Top of the 1st over - 0 runs, 0 hits, 0 errors, 0 left on base; Birmingham 0 - Midland 0 |
| BOTTOM OF THE 1ST |
|
Midland RockHounds batting - Pitching for Birmingham Barons : RHP Mike Mik
|
|
Pitching: RHP Mike Mik
|
|
|
Batting: RHB Jonathan Ellis
|
0-0: Foul Ball, location: 2F 0-1: Ball 1-1: Called Strike 1-2: Foul Ball, location: 2F 1-2: Strikes out swinging, 2-3 out at first.
|
|
Batting: RHB Travis Robinson
|
0-0: Called Strike 0-1: Ground out 5-3 (Groundball, 56S, EV 88.1 MPH)
|
|
Batting: LHB Tom Raupp
|
0-0: Called Strike 0-1: Hit by Pitch
|
|
Batting: RHB Jonathan Gallup
|
0-0: Ball 1-0: Called Strike 1-1: Ball 2-1: Swinging Strike 2-2: Foul Ball, location: 2F 2-2: Ball 3-2: Ground out 5-3 (Groundball, 56, EV 107.5 MPH)
|
| Bottom of the 1st over - 0 runs, 0 hits, 0 errors, 1 left on base; Birmingham 0 - Midland 0 |
| TOP OF THE 2ND |
|
Birmingham Barons batting - Pitching for Midland RockHounds : LHP Katsumi Takaki
|
|
Batting: LHB Matt Hyde
|
0-0: Ball 1-0: Foul Ball, location: 2F 1-1: Ball 2-1: Swinging Strike 2-2: Foul Ball, location: 2F 2-2: Foul Ball, location: 2F 2-2: Ball 3-2: SINGLE (Groundball, 34D, EV 97.5 MPH)
|
|
Batting: LHB Larry Myers
|
0-0: SINGLE (Groundball, 6MS, EV 76.2 MPH) (infield hit) Matt Hyde to second
|
|
Batting: RHB Ethan McCullough
|
0-0: Foul Ball, location: 2F 0-1: Swinging Strike 0-2: Foul Ball, location: 2F 0-2: Ball 1-2: Ball 2-2: Strikes out swinging
|
|
Batting: SHB Josh Conner
|
0-0: Swinging Strike 0-1: Swinging Strike 0-2: Fielders Choice at 2nd, 3-6 (Groundball, 34, EV 102.5 MPH) Matt Hyde to third
|
|
Batting: RHB John Iddings
|
0-0: Swinging Strike 0-1: Swinging Strike 0-2: Ground out 4-3 (Groundball, 34, EV 95.0 MPH)
|
| Top of the 2nd over - 0 runs, 2 hits, 0 errors, 2 left on base; Birmingham 0 - Midland 0 |
| BOTTOM OF THE 2ND |
|
Midland RockHounds batting - Pitching for Birmingham Barons : RHP Mike Mik
|
|
Batting: RHB Matt Sherard
|
0-0: Ground out 6-3 (Groundball, 6M, EV 86.9 MPH)
|
|
Batting: RHB Micah Roth
|
0-0: Foul Ball, location: 2F 0-1: SINGLE (Line Drive, 9LS, EV 99.4 MPH)
|
|
Batting: RHB Todd Vanasco
|
0-0: Ball 1-0: Fielders Choice at 2nd, 6-4 (Groundball, 56, EV 106.9 MPH)
|
|
Batting: RHB Roger Simmons
|
0-0: Called Strike 0-1: Ball 1-1: Ball 2-1: SINGLE (Groundball, 34, EV 100.6 MPH) (infield hit) Todd Vanasco to second
|
|
Batting: RHB Moses Brokken
|
0-0: Called Strike 0-1: Ball 1-1: Fly out, F8 (Flyball, 8RD, EV 78.8 MPH)
|
| Bottom of the 2nd over - 0 runs, 2 hits, 0 errors, 2 left on base; Birmingham 0 - Midland 0 |
| TOP OF THE 3RD |
|
Birmingham Barons batting - Pitching for Midland RockHounds : LHP Katsumi Takaki
|
|
Batting: RHB David Clark
|
0-0: Foul Ball, location: 2F 0-1: Hit by Pitch
|
|
Batting: LHB Dalton Silveira
|
0-0: Ball 1-0: TRIPLE (Line Drive, 78XD, EV 102.5 MPH) David Clark scores
|
|
Batting: RHB Mike Savage
|
0-0: Called Strike 0-1: Swinging Strike 0-2: Ball 1-2: Fly out, F9 (Line Drive, 9S, EV 95.6 MPH)
|
|
Batting: SHB Ruben Velasco Jr.
|
0-0: Ball 1-0: Swinging Strike 1-1: Foul Ball, location: 2F 1-2: Strikes out looking
|
|
Batting: LHB Matt Hyde
|
0-0: SINGLE (Line Drive, 8LS, EV 105.0 MPH) Dalton Silveira scores
|
|
Batting: LHB Larry Myers
|
0-0: Called Strike 0-1: Ball 1-1: Called Strike 1-2: Foul Ball, location: 2F 1-2: Strikes out looking
|
| Top of the 3rd over - 2 runs, 2 hits, 0 errors, 1 left on base; Birmingham 2 - Midland 0 |
| BOTTOM OF THE 3RD |
|
Midland RockHounds batting - Pitching for Birmingham Barons : RHP Mike Mik
|
|
Batting: RHB Jonathan Ellis
|
0-0: Fly out, F7 (Line Drive, 7, EV 86.9 MPH)
|
|
Batting: RHB Travis Robinson
|
0-0: Swinging Strike 0-1: Ball 1-1: Foul Ball, location: 2F 1-2: Ball 2-2: Fly out, F8 (Flyball, 8LXD, EV 107.5 MPH)
|
|
Batting: LHB Tom Raupp
|
0-0: Fly out, F7 (Flyball, 78D, EV 100.6 MPH)
|
| Bottom of the 3rd over - 0 runs, 0 hits, 0 errors, 0 left on base; Birmingham 2 - Midland 0 |
| TOP OF THE 4TH |
|
Birmingham Barons batting - Pitching for Midland RockHounds : LHP Katsumi Takaki
|
|
Batting: RHB Ethan McCullough
|
0-0: Ball 1-0: Ball 2-0: Ground out U3 (Groundball, 3, EV 107.5 MPH)
|
|
Batting: SHB Josh Conner
|
0-0: Ball 1-0: Called Strike 1-1: Fly out, F7 (Line Drive, 7S, EV 93.8 MPH)
|
|
Batting: RHB John Iddings
|
0-0: Ball 1-0: Swinging Strike 1-1: Ball 2-1: Foul Ball, location: 2F 2-2: Ball 3-2: Base on Balls
|
|
Batting: RHB David Clark
|
0-0: Fly out, F8 (Flyball, 78M, EV 86.2 MPH)
|
| Top of the 4th over - 0 runs, 0 hits, 0 errors, 1 left on base; Birmingham 2 - Midland 0 |
| BOTTOM OF THE 4TH |
|
Midland RockHounds batting - Pitching for Birmingham Barons : RHP Mike Mik
|
|
Batting: RHB Jonathan Gallup
|
0-0: Swinging Strike 0-1: Ball 1-1: Foul Ball, location: 2F 1-2: Ball 2-2: Foul Ball, location: 2F 2-2: Ball 3-2: Fly out, F9 (Flyball, 89M, EV 88.1 MPH)
|
|
Batting: RHB Matt Sherard
|
0-0: Called Strike 0-1: SINGLE (Groundball, 56S, EV 65.0 MPH) (infield hit)
|
|
Batting: RHB Micah Roth
|
0-0: Ball 1-0: Ball 2-0: Ball 3-0: Called Strike 3-1: Base on Balls Matt Sherard to second
|
|
Batting: RHB Todd Vanasco
|
0-0: Fly out, F8 (Line Drive, 8LD, EV 88.8 MPH)
|
|
Batting: RHB Roger Simmons
|
0-0: Foul Ball, location: 2F 0-1: Ball 1-1: Ball 2-1: Ground out 1-3 (Groundball, 13S, EV 61.2 MPH)
|
| Bottom of the 4th over - 0 runs, 1 hit, 0 errors, 2 left on base; Birmingham 2 - Midland 0 |
| TOP OF THE 5TH |
|
Birmingham Barons batting - Pitching for Midland RockHounds : LHP Katsumi Takaki
|
|
Batting: LHB Dalton Silveira
|
0-0: Ball 1-0: Ground out 6-3 (Groundball, 6, EV 84.4 MPH)
|
|
Batting: RHB Mike Savage
|
0-0: Foul Ball, location: 2F 0-1: Called Strike 0-2: Foul Ball, location: 2F 0-2: Ball 1-2: Ball 2-2: Foul Ball, location: 2F 2-2: Strikes out looking
|
|
Batting: SHB Ruben Velasco Jr.
|
0-0: Ball 1-0: Ball 2-0: Ball 3-0: Base on Balls
|
|
Batting: LHB Matt Hyde
|
0-0: Foul Ball, location: 2F 0-1: Foul Ball, location: 2F 0-2: SINGLE (Groundball, 5S, EV 65.0 MPH) (infield hit) Ruben Velasco Jr. to second
|
|
Batting: LHB Larry Myers
|
0-0: SINGLE (Groundball, 34D, EV 105.6 MPH) Ruben Velasco Jr. to third Matt Hyde to second Runner from 3rd tries for Home, SAFE, throw by RF to home
|
|
Batting: RHB Ethan McCullough
|
0-0: Foul Ball, location: 2F 0-1: Ball 1-1: Foul Ball, location: 2F 1-2: Foul Ball, location: 2F 1-2: Ground out U3 (Groundball, 3, EV 103.1 MPH)
|
| Top of the 5th over - 1 run, 2 hits, 0 errors, 2 left on base; Birmingham 3 - Midland 0 |
| BOTTOM OF THE 5TH |
|
Midland RockHounds batting - Pitching for Birmingham Barons : RHP Mike Mik
|
|
Batting: RHB Moses Brokken
|
0-0: Ball 1-0: Ball 2-0: Ball 3-0: Called Strike 3-1: Called Strike 3-2: Ground out 6-3 (Groundball, 6, EV 78.1 MPH)
|
|
Batting: RHB Jonathan Ellis
|
0-0: Ball 1-0: SINGLE (Groundball, 56D, EV 105.0 MPH)
|
|
Batting: RHB Travis Robinson
|
0-0: Called Strike 0-1: Ball 1-1: Fly out, F7 (Line Drive, 7, EV 101.9 MPH)
|
|
Batting: LHB Tom Raupp
|
0-0: Ball Jonathan Ellis steals 2nd base 1-0: Called Strike 1-1: Ball 2-1: Foul Ball, location: 2F 2-2: Strikes out looking
|
| Bottom of the 5th over - 0 runs, 1 hit, 0 errors, 1 left on base; Birmingham 3 - Midland 0 |
| TOP OF THE 6TH |
|
Birmingham Barons batting - Pitching for Midland RockHounds : LHP Katsumi Takaki
|
|
Batting: SHB Josh Conner
|
0-0: Ground out 4-3 (Groundball, 34, EV 88.1 MPH)
|
|
Batting: RHB John Iddings
|
0-0: Swinging Strike 0-1: Ball 1-1: Swinging Strike 1-2: Foul Ball, location: 2F 1-2: Ball 2-2: Strikes out swinging
|
|
Batting: RHB David Clark
|
0-0: Foul Ball, location: 2F 0-1: Ground out 6-3 (Groundball, 6, EV 85.6 MPH)
|
| Top of the 6th over - 0 runs, 0 hits, 0 errors, 0 left on base; Birmingham 3 - Midland 0 |
| BOTTOM OF THE 6TH |
|
Midland RockHounds batting - Pitching for Birmingham Barons : RHP Mike Mik
|
|
Batting: RHB Jonathan Gallup
|
0-0: Called Strike 0-1: Ball 1-1: Ball 2-1: Ground out 3-1 (Groundball, 3L, EV 106.2 MPH)
|
|
Batting: RHB Matt Sherard
|
0-0: Foul Ball, location: 2F 0-1: Foul Ball, location: 2F 0-2: Foul Ball, location: 2F 0-2: Ground out 4-3 (Groundball, P, EV 82.5 MPH)
|
|
Batting: RHB Micah Roth
|
0-0: Swinging Strike 0-1: Foul Ball, location: 2F 0-2: Ball 1-2: Ground out 6-3 (Groundball, 6S, EV 85.6 MPH)
|
| Bottom of the 6th over - 0 runs, 0 hits, 0 errors, 0 left on base; Birmingham 3 - Midland 0 |
| TOP OF THE 7TH |
|
Birmingham Barons batting - Pitching for Midland RockHounds : LHP Katsumi Takaki
|
|
Batting: LHB Dalton Silveira
|
0-0: Ball 1-0: Called Strike 1-1: SINGLE (Groundball, 4MD, EV 99.4 MPH)
|
|
Batting: RHB Mike Savage
|
0-0: Sac Bunt to 3S - play at first, batter OUT! 3-4 Dalton Silveira to second
|
|
Batting: SHB Ruben Velasco Jr.
|
0-0: Called Strike 0-1: Swinging Strike 0-2: Ball 1-2: Strikes out swinging
|
|
Pitching: LHP Rich Byrd
|
|
|
Batting: LHB Matt Hyde
|
0-0: Ball 1-0: Swinging Strike 1-1: Ground out 6-3 (Groundball, 4MD, EV 96.9 MPH)
|
| Top of the 7th over - 0 runs, 1 hit, 0 errors, 1 left on base; Birmingham 3 - Midland 0 |
| BOTTOM OF THE 7TH |
|
Midland RockHounds batting - Pitching for Birmingham Barons : RHP Mike Mik
|
|
Pitching: LHP Mark Sharrett
|
|
|
Batting: RHB Todd Vanasco
|
0-0: Ground out 5-3 (Groundball, 5S, EV 70.0 MPH)
|
|
Batting: RHB Roger Simmons
|
0-0: Ball 1-0: Ball 2-0: Foul Ball, location: 2F 2-1: Foul Ball, location: 2F 2-2: Ball 3-2: Base on Balls
|
|
Batting: RHB Moses Brokken
|
0-0: Ball 1-0: Ball 2-0: Called Strike 2-1: Foul Ball, location: 2F 2-2: Ball 3-2: Base on Balls Roger Simmons to second
|
|
Batting: RHB Jonathan Ellis
|
0-0: Ball 1-0: Foul Ball, location: 2F 1-1: Called Strike 1-2: Foul Ball, location: 2F 1-2: Ball 2-2: Ball 3-2: Base on Balls Roger Simmons to third Moses Brokken to second
|
|
Batting: RHB Travis Robinson
|
0-0: Swinging Strike 0-1: Ball 1-1: Ball 2-1: Grounds into fielders choice 5-2 (Groundball, 56S, EV 80.0 MPH) Moses Brokken to third Jonathan Ellis to second
|
|
Batting: RHB David Sharp
|
0-0: Called Strike 0-1: Foul Ball, location: 2F 0-2: Strikes out swinging
|
| Bottom of the 7th over - 0 runs, 0 hits, 0 errors, 3 left on base; Birmingham 3 - Midland 0 |
| TOP OF THE 8TH |
|
Birmingham Barons batting - Pitching for Midland RockHounds : LHP Rich Byrd
|
|
Batting: LHB Larry Myers
|
0-0: Ball 1-0: Ground out 4-3 (Groundball, 4, EV 101.9 MPH)
|
|
Batting: RHB Ethan McCullough
|
0-0: Called Strike 0-1: SINGLE (Groundball, 34D, EV 98.1 MPH)
|
|
Batting: SHB Josh Conner
|
0-0: Fly out, F8 (Flyball, 8RD, EV 92.5 MPH)
|
|
Batting: RHB John Iddings
|
0-0: Ball 1-0: Fielders Choice at 2nd, U4 (Groundball, 4M, EV 86.2 MPH)
|
| Top of the 8th over - 0 runs, 1 hit, 0 errors, 1 left on base; Birmingham 3 - Midland 0 |
| BOTTOM OF THE 8TH |
|
Midland RockHounds batting - Pitching for Birmingham Barons : LHP Mark Sharrett
|
|
Pitching: RHP Jon Manwaring
|
|
|
Now at 2B: Jason Bresnahan
|
|
|
Now in LF: Mike Savage
|
|
|
Now in CF: Ruben Velasco Jr.
|
|
|
Batting: RHB Jonathan Gallup
|
0-0: Ball 1-0: Foul Ball, location: 2F 1-1: Called Strike 1-2: Ball 2-2: Ball 3-2: Foul Ball, location: 2F 3-2: Fly out, F7 (Flyball, 7LM, EV 86.2 MPH)
|
|
Batting: RHB Matt Sherard
|
0-0: Ball 1-0: SINGLE (Line Drive, 89S, EV 108.1 MPH)
|
|
Batting: RHB Micah Roth
|
0-0: Foul Ball, location: 2F 0-1: Swinging Strike 0-2: Ground out 4-3 (Groundball, 34S, EV 90.6 MPH) Matt Sherard to second
|
|
Batting: RHB Todd Vanasco
|
0-0: SINGLE (Groundball, 3D, EV 94.4 MPH) Matt Sherard to third Runner from 3rd tries for Home, SAFE, throw by RF to home
|
|
Batting: RHB Roger Simmons
|
0-0: Ball 1-0: Foul Ball, location: 2F 1-1: Ball 2-1: Foul Ball, location: 2F 2-2: Ball 3-2: Base on Balls Todd Vanasco to second
|
|
Pinch Hitting: LHB Alan Bianchard
|
0-0: Ball 1-0: Swinging Strike 1-1: Ball 2-1: Foul Ball, location: 2F 2-2: Foul Ball, location: 2F 2-2: Ball 3-2: Foul Ball, location: 2F 3-2: Foul Ball, location: 2F 3-2: Ground out 6-3 (Groundball, 6, EV 104.4 MPH)
|
| Bottom of the 8th over - 1 run, 2 hits, 0 errors, 2 left on base; Birmingham 3 - Midland 1 |
| TOP OF THE 9TH |
|
Birmingham Barons batting - Pitching for Midland RockHounds : LHP Rich Byrd
|
|
Now in LF: Alan Bianchard
|
|
|
Now in RF: Micah Roth
|
|
|
Batting: SHB Jason Bresnahan
|
0-0: Foul Ball, location: 2F 0-1: Ball 1-1: Foul Ball, location: 2F 1-2: Foul Ball, location: 2F 1-2: Ground out 5-3 (Groundball, 56, EV 81.2 MPH)
|
|
Batting: LHB Dalton Silveira
|
0-0: Ball 1-0: Ball 2-0: Called Strike 2-1: Foul Ball, location: 2F 2-2: Foul Ball, location: 2F 2-2: Foul Ball, location: 2F 2-2: SINGLE (Groundball, 34D, EV 105.0 MPH)
|
|
Batting: RHB Mike Savage
|
0-0: Ball 1-0: Called Strike Dalton Silveira steals 2nd base 1-1: Foul Ball, location: 2F 1-2: SINGLE (Flyball, 3D, EV 91.2 MPH) Dalton Silveira to third
|
|
Batting: SHB Ruben Velasco Jr.
|
0-0: Ball 1-0: Ball 2-0: Foul Ball, location: 2F 2-1: Foul Ball, location: 2F 2-2: Foul Ball, location: 2F 2-2: Ball Wild Pitch! Dalton Silveira scores Mike Savage to second 3-2: SINGLE (Groundball, 56S, EV 66.9 MPH) (infield hit) Mike Savage to third
|
|
Batting: LHB Matt Hyde
|
0-0: Ball 1-0: Called Strike 1-1: SINGLE (Groundball, 34D, EV 94.4 MPH) Mike Savage scores Ruben Velasco Jr. to second Runner from 2nd tries for 3rd, SAFE, throw by RF made to third
|
|
Batting: LHB Larry Myers
|
0-0: Ball 1-0: Foul Ball, location: 2F 1-1: Fly out, F8 (Flyball, 8RM, EV 96.9 MPH) Runner from 3rd tags up, SCORES, throw by CF
|
|
Batting: RHB Ethan McCullough
|
0-0: Called Strike 0-1: Foul Ball, location: 2F 0-2: Strikes out swinging
|
| Top of the 9th over - 3 runs, 4 hits, 0 errors, 1 left on base; Birmingham 6 - Midland 1 |
| BOTTOM OF THE 9TH |
|
Midland RockHounds batting - Pitching for Birmingham Barons : RHP Jon Manwaring
|
|
Batting: RHB Jonathan Ellis
|
0-0: Ground out 5-3 (Groundball, 56, EV 90.6 MPH)
|
|
Batting: RHB Travis Robinson
|
0-0: Swinging Strike 0-1: Ball 1-1: Called Strike 1-2: Ball 2-2: Ground out 5-3 (Groundball, 15, EV 86.2 MPH)
|
|
Batting: RHB David Sharp
|
0-0: Called Strike 0-1: Swinging Strike 0-2: Ball 1-2: Ball 2-2: Ground out 5-3 (Groundball, 56, EV 86.2 MPH)
|
| Bottom of the 9th over - 0 runs, 0 hits, 0 errors, 0 left on base; Birmingham 6 - Midland 1 |
|